 Dungeon Crawl Stone Soup version 0.26-a0-667-g92642533e4 (webtiles) character file.

Game seed: 6000937736776233943

1268 Kinoniko the Spear-Bearer (level 8, -3/88 HPs)
             Began as an Ogre Gladiator on Oct 16, 2020.
             Slain by a sky beast (6 damage)
             ... on level 5 of the Dungeon.
             The game lasted 00:06:15 (4651 turns).

Kinoniko the Spear-Bearer (Ogre Gladiator)          Turns: 4651, Time: 00:06:16

Health: -3/88      AC:  4    Str: 26    XL:     8   Next: 53%
Magic:  17/17      EV: 10    Int: 10    God:
Gold:   228        SH:  0    Dex: 10    Spells: 7/7 levels left

rFire    . . .     SeeInvis .   a - +1 trident
rCold    . . .     Faith    .   (no shield)
rNeg     . . .     Spirit   .   b - +0 robe
rPois    .         Reflect  .   c - +0 hat
rElec    .         Harm     .   e - +0 cloak
rCorr    .         Rampage  .   (gloves unavailable)
MR       .....                  (boots unavailable)
Stlth    +.........             n - amulet of regeneration
HPRegen  0.64/turn              g - +6 ring of strength
MPRegen  0.15/turn              m - ring of magical power

@: brilliant
A: large, unfitting armour, tough skin 1
a: no special abilities


You were on level 5 of the Dungeon.
You visited 1 branch of the dungeon, and saw 5 of its levels.

You collected 264 gold pieces.
You spent 36 gold pieces at shops.

Inventory:

Hand Weapons
 a - a +1 trident (weapon)
Missiles
 d - 3 throwing nets (quivered)
Armour
 b - a +0 robe (worn)
 c - a +0 hat (worn)
 e - a +0 cloak (worn)
Jewellery
 g - a +6 ring of strength (left hand)
 j - an uncursed amulet of the acrobat
 m - a ring of magical power (right hand)
 n - an amulet of regeneration (around neck)
 q - a +6 ring of intelligence {unknown}
Wands
 i - a wand of iceblast (8)
 k - a wand of random effects (20)
Scrolls
 f - 5 scrolls of teleportation
 l - 2 scrolls of amnesia
 o - a scroll of remove curse
 r - a scroll of identify
 s - a scroll of noise {unknown}
 t - a scroll of fog
Potions
 h - a potion of brilliance
 p - a potion of magic


   Skills:
 + Level 8.0 Fighting
 * Level 8.8 Polearms
 - Level 2.0 Throwing
 - Level 2.6 Dodging


You had 7 spell levels left.
You didn't know any spells.
Your spell library was empty.

Dungeon Overview and Level Annotations

Branches:
Dungeon (5/15)
 Temple: D:4-7

Altars:
Kikubaaqudgha
Trog

Shops:
D:4 ?


Innate Abilities, Weirdness & Mutations

You are too large for most types of armour.
You have tough skin. (AC +1)


Message History

* * * LOW HITPOINT WARNING * * *
Something shocks you.
* * * LOW HITPOINT WARNING * * *
You barely miss something.
A sky beast appears from thin air!
Reactivating autopickup.
The sky beast hits you.
* * * LOW HITPOINT WARNING * * *
The sky beast shocks you.
* * * LOW HITPOINT WARNING * * *
It was a potion of brilliance.
You feel clever all of a sudden. The sky beast hits you.
* * * LOW HITPOINT WARNING * * *
The sky beast shocks you.
* * * LOW HITPOINT WARNING * * *
It was a potion of magic.
Magic courses through your body. The sky beast hits you.
* * * LOW HITPOINT WARNING * * *
The sky beast shocks you.
You die...

####<...#..### #.
#........## #.
#.....##..# ###.###
##.##.....# #...<.#
#..#####.. #.....#
##.[# #.. #.....#
##.# #..
#...Y.########.#####.
#...@.$..............
#.....########.......
#.........# #.......
#.....###.####.......
####.###.............
#.....###.........
####### ###.......
#....... #.......


You could see a sky beast.

Vanquished Creatures
  Pikel (D:4)
  Edmund (D:4)
  2 ice beasts (D:5)
  A phantom (D:5)
  A lemure (D:4)
  A bullfrog (D:5)
  Crazy Yiuf (D:2)
  A jelly (D:5)
  Ijyb (D:3)
  2 iguanas
  5 worker ants
  A hound skeleton (D:5)
  A worker ant zombie (D:5)
  8 adders
  A worm (D:4)
  2 dart slugs
  2 leopard geckos (D:5)
  2 orcs (D:4)
  3 ball pythons
  4 bats
  3 giant cockroaches
  8 goblins
  3 hobgoblins
  11 jackals
  7 frilled lizards
  4 kobolds
  5 rats
82 creatures vanquished.

Notes
Turn   | Place    | Note
-------+----------+-------------------------------------------
     0 | D:1      | Kinoniko the Ogre Gladiator began the quest for the Orb.
     0 | D:1      | Reached XP level 1. HP: 22/22 MP: 1/1
    84 | D:1      | Reached XP level 2. HP: 24/31 MP: 2/2
   746 | D:1      | Reached XP level 3. HP: 37/37 MP: 3/3
  1281 | D:2      | Found a runed translucent door.
  1282 | D:2      | Noticed Crazy Yiuf
  1295 | D:2      | Killed Crazy Yiuf
  1295 | D:2      | Reached XP level 4. HP: 18/48 MP: 0/4
  2324 | D:3      | Noticed Ijyb
  2349 | D:3      | Killed Ijyb
  2349 | D:3      | Reached skill level 5 in Polearms
  2349 | D:3      | Reached XP level 5. HP: 24/55 MP: 5/5
  3063 | D:4      | Found Luufehu's Magic Scroll Emporium.
  3110 | D:4      | Bought a scroll of remove curse for 36 gold pieces
  3257 | D:4      | Noticed Edmund
  3288 | D:4      | Killed Edmund
  3288 | D:4      | Reached skill level 5 in Fighting
  3288 | D:4      | Reached XP level 6. HP: 60/66 MP: 6/6
  3412 | D:4      | Found a bloodstained altar of Trog.
  3412 | D:4      | Noticed Pikel
  3442 | D:4      | Killed Pikel
  3442 | D:4      | Reached XP level 7. HP: 26/76 MP: 7/7
  3526 | D:4      | Found an ancient bone altar of Kikubaaqudgha.
  4061 | D:5      | Entered Level 5 of the Dungeon
  4069 | D:5      | Reached XP level 8. HP: 61/87 MP: 8/8
  4651 | D:5      | HP: 3/88 [sky beast (3)]
  4651 | D:5      | Slain by a sky beast

Illustrated notes

Levels and vault maps discovered:
D:1:      lemuel_arrival_funnel, layout_loops_ring, minmay_fountain_box
D:2:      layout_loops_cross, uniq_crazy_yiuf_cottage
D:3:      kennysheep_the_goblin_king, layout_loops_cross
D:4:      layout_loops_cross, gammafunk_temple_overflow_pools, serial_shops,
          shop, uniq_edmund, uniq_pikel
D:5:      layout_rooms

Skill      XL: |  1  2  3  4  5  6  7  8 |
---------------+-------------------------+-----
Fighting       | 3 4 5 6 7 8 |  8.0
Polearms       | 4 5 6 7 8 |  8.8
Throwing       | |  2.0
Dodging        | |  2.6

Action                   |  1- 3 |  4- 6 |  7- 9 || total
-------------------------+-------+-------+-------++-------
Melee: Trident           |    84 |   169 |   102 ||   355
  Use: Potion            |     3 |     6 |     2 ||    11
       Scroll            |       |    11 |       ||    11
 Stab: Sleeping          |       |     1 |     2 ||     3
Armor: Robe              |    21 |    52 |    16 ||    89
       Skin              |       |    15 |       ||    15
Dodge: Dodged            |    39 |    73 |    32 ||   144

Table legend: (Time is in decaauts)
 A = Elapsed time spent in this place.
 B = Non-inter-level travel time spent in this place.
 C = Inter-level travel time spent in this place.
 D = Time resting spent in this place.
 E = Time spent auto-exploring this place.
 F = Levels seen in this place.
 G = Mean time per level.
                   A        B        C        D        E       F      G
               +--------+--------+--------+--------+--------+-----+--------+
         Total |   4655 |   4568 |     87 |   1340 |   2594 |   5 |  931.0 |
       Dungeon |   4655 |   4568 |     87 |   1340 |   2594 |   5 |  931.0 |
               +--------+--------+--------+--------+--------+-----+--------+

Top non-repeatable levels by time:
     D:2: 1303 daAuts
     D:4: 1001 daAuts
     D:1: 923 daAuts
     D:3: 847 daAuts
     D:5: 580 daAuts
